 Dungeon Crawl Stone Soup version 0.29.1-2-gbd0b4ee654 (webtiles) character file.

Game seed: 3915909592834431363

71 GorkyZ the Chopper (level 4, -3/27 HPs)
             Began as a Gargoyle Gladiator on Dec 1, 2022.
             Slain by an orc wizard
             ... wielding a +0 dagger of venom
              (4 damage)
             ... on level 2 of the Dungeon.
             The game lasted 00:03:09 (1702 turns).

GorkyZ the Chopper (Gargoyle Gladiator)             Turns: 1702, Time: 00:03:09

Health: -3/27      AC:  8    Str: 19    XL:     4   Next: 24%
Magic:  4/4        EV: 10    Int:  9    God:
Gold:   150        SH:  0    Dex: 11    Spells: 3/3 levels left

rFire   . . .      SeeInvis .   a - +0 war axe
rCold   . . .      Faith    .   u - +0 kite shield
rNeg    + . .      Spirit   .   b - +0 leather armour
rPois   ∞          Reflect  .   c - +0 helmet
rElec   +          Harm     .   s - +0 cloak
rCorr   .          Rampage  .   (no gloves)
Will    .....                   (no boots)
Stlth   +.........              (no amulet)
HPRegen 0.09/turn               (no ring)
MPRegen 0.09/turn               (no ring)

@: confused
A: sickness immunity, AC +3, negative energy resistance 1, electricity
resistance, torment resistance 1, petrification resistance
a: no special abilities


You were on level 2 of the Dungeon.
You visited 1 branch of the dungeon, and saw 2 of its levels.

You collected 150 gold pieces.

Inventory:

Hand Weapons
 a - a +0 war axe (weapon)
 k - a +2 whip of distortion
Missiles
 d - 3 throwing nets (quivered)
 e - a javelin
Armour
 b - a +0 leather armour (worn)
 c - a +0 helmet (worn)
 s - a +0 cloak (worn)
 u - a +0 kite shield (worn)
Scrolls
 g - 2 scrolls of poison {unknown}
 i - a scroll of enchant weapon {unknown}
 l - a scroll of immolation {unknown}
 n - a scroll of identify {unknown}
 p - a scroll of vulnerability {unknown}
 q - a scroll of magic mapping {unknown}
 r - a scroll of amnesia {unknown}
 t - a scroll of summoning {unknown}
Potions
 f - 5 potions of curing {unknown}
 h - a potion of attraction {unknown}
 j - a potion of mutation {unknown}
 m - a potion of haste {unknown}
 o - a potion of might {unknown}


   Skills:
 + Level 2.8 Fighting
 + Level 3.1 Axes
 + Level 2.3 Throwing
 + Level 1.5 Armour
 + Level 2.8 Dodging
 + Level 0.1 Shields


You had 3 spell levels left.
You didn't know any spells.
Your spell library was empty.

Dungeon Overview and Level Annotations

Branches:
Dungeon (2/15)

Altars:
Wu Jian

Annotations:
D:2 1 runed translucent door, Crazy Yiuf


Innate Abilities, Weirdness & Mutations

You are immune to sickness and miasma.
Your stone body is resilient. (AC +3)
You are immune to poison.
You resist negative energy. (rN+)
You are resistant to electric shocks. (rElec)
You are resistant to unholy torment.
You are immune to petrification.


Message History

An orc wizard comes into view. It is wielding a +0 dagger of venom.
You barely miss the orc.
The orc is moderately wounded.
The orc hits you but does no damage. The orc barely misses you.
The orc hits you with a +0 flail.
You closely miss the orc.
The orc is moderately wounded.
You hit the orc. The orc hits you with a +0 club.
The orc hits you but does no damage.
You closely miss the orc.
The orc is severely wounded.
You hit the orc. The orc hits you but does no damage.
You barely miss the orc.
The orc is severely wounded.
You hit the orc.
You kill the orc!
You block the orc's attack. The orc barely misses you.
You closely miss the orc.
The orc is severely wounded.
You closely miss the orc wizard. You block the orc's attack.
The orc wizard casts a spell at you. The puff of flame hits you.
You hit the orc.
You kill the orc!
You closely miss the orc wizard.
The orc wizard points at you and mumbles some strange words.
You are confused.
The orc barely misses you.
The orc wizard gestures at you while chanting.
The puff of flame hits you.
You slash the orc!
You kill the orc!
You barely miss the orc wizard. The orc wizard casts a spell at you.
The puff of flame hits you!
* * * LOW HITPOINT WARNING * * *
You bump into the rock wall.
You're too confused to move!
The orc wizard hits you with a +0 dagger of venom.
You die...

##### ####...#
##.....######
#.....###.o)#
########........@#).#
...#.........######.#
..........##...## .#
......#(>.......# #
................#
.....##.........#
...####.........# .#
...#####....##..# )#
............##..# #.#


You could see an orc wizard.

Vanquished Creatures
  A gnoll (D:2)
  A worm (D:2)
  3 dart slugs (D:1)
  3 orcs (D:2)
  5 ball pythons
  4 endoplasms
  A giant cockroach (D:1)
  6 goblins
  4 hobgoblins
  4 kobolds (D:1)
  3 quokkas
  2 bats (D:2)
  3 frilled lizards
  5 rats
45 creatures vanquished.

Notes
Turn   | Place    | Note
-------+----------+-------------------------------------------
     0 | D:1      | GorkyZ the Gargoyle Gladiator began the quest for the Orb.
     0 | D:1      | Reached XP level 1. HP: 12/12 MP: 1/1
   175 | D:1      | Reached XP level 2. HP: 18/18 MP: 2/2
   430 | D:1      | Found a faded altar of an unknown god.
   438 | D:1      | Reached skill level 1 in Armour
   536 | D:1      | Reached XP level 3. HP: 22/22 MP: 3/3
   998 | D:2      | Reached skill level 3 in Axes
  1275 | D:2      | Found an ornate altar of the Wu Jian Council.
  1365 | D:2      | Found a runed translucent door.
  1366 | D:2      | Noticed Crazy Yiuf
  1481 | D:2      | Reached XP level 4. HP: 15/27 MP: 4/4
  1699 | D:2      | HP: 1/27 [orc wizard/puff of flame (11)]
  1702 | D:2      | Slain by an orc wizard

Illustrated notes

Levels and vault maps discovered:
D:1:      minmay_arrival_hallway, layout_basic, serial_forest,
          infiniplex_forest_fountain, infiniplex_forest_straight_1,
          infiniplex_forest_straight_5, infiniplex_forest_corner_1,
          infiniplex_forest_zigzag_2, infiniplex_forest_straight_1,
          infiniplex_forest_end_double, infiniplex_forest_straight_5,
          infiniplex_forest_lined_2, infiniplex_forest_clump_tiny,
          hellmonk_ecumenical_altar_run_dry, palyth_stone_intersect
D:2:      layout_rooms, basic_altar, minmay_tall_x, uniq_crazy_yiuf_cottage

Skill      XL: |  1  2  3 |
---------------+----------+-----
Throwing       | 2 |  2.3
Armour         | 1 |  1.5
Axes           | 3 |  3.1
Fighting       | |  2.8
Dodging        | |  2.8
Shields        | |  0.1

Action                   |  1- 3 |  4- 6 || total
-------------------------+-------+-------++-------
Melee: War axe           |    96 |    16 ||   112
       Punch             |     1 |       ||     1
Armor: Leather armour    |    44 |     4 ||    48
Dodge: Dodged            |    58 |    11 ||    69
Block: Kite shield       |       |     2 ||     2
